 Dungeon Crawl Stone Soup version 0.17.1-2-g5865329 (webtiles) character file.

331 Grim the Reanimator (level 6, -5/32 HPs)
             Began as a Deep Elf Necromancer on Feb 12, 2016.
             Slain by an ogre
             ... wielding a +0 giant club
              (23 damage)
             ... on level 4 of the Dungeon.
             The game lasted 00:08:12 (4243 turns).

Grim the Reanimator (Deep Elf Necromancer)          Turns: 4243, Time: 00:08:12

Health: -5/32      AC:  2    Str:  5    XL:     6   Next: 26%
Magic:  8/12       EV: 13    Int: 22    God:
Gold:   123        SH:  0    Dex: 15    Spells: 4 memorised, 2 levels left

rFire  . . .     SeeInvis .     d - +0 quarterstaff
rCold  . . .     Clarity  .     a - +0 robe
rNeg   . . .     SustAt   .     (shield currently unavailable)
rPois  .         Gourm    .     (no helmet)
rElec  .         Spirit   .     (no cloak)
rCorr  .         Warding  .     (no gloves)
rMut   .         Stasis   .     (no boots)
MR     .....                    (no amulet)
Stlth  ++........               (no ring)
                                (no ring)

@: not resistant to hostile enchantments, unstealthy
A: no striking features
a: no special abilities


You were on level 4 of the Dungeon.
You were not hungry.

You visited 1 branch of the dungeon, and saw 4 of its levels.

You collected 123 gold pieces.

Inventory:

Hand Weapons
 d - a +0 quarterstaff (weapon)
Armour
 a - a +0 robe (worn)
Scrolls
 e - 2 scrolls of magic mapping {unknown}
 h - 3 scrolls of teleportation
 i - 2 scrolls of noise {unknown}
 m - a scroll of enchant weapon {unknown}
 p - a scroll of recharging {unknown}
Potions
 f - a potion of haste
 g - 2 potions of curing
 k - a potion of agility
 q - a potion of magic
Books
 b - a book of Necromancy

   Spells                             Type                      Level
   a - Pain                           Necromancy                   1
   b - Animate Skeleton               Necromancy                   1
   c - Vampiric Draining              Necromancy                   3
   d - Regeneration                   Charms/Necromancy            3
   e - Animate Dead                   Necromancy                   4
   f - Control Undead                 Necromancy                   4
 o - a book of Power

   Spells                             Type                      Level
   a - Fulminant Prism                Conjuration/Hexes            4
   b - Iskenderun's Mystic Blast      Conjuration                  4
   c - Venom Bolt                     Conjuration/Poison           5
   d - Bolt of Magma                  Conjuration/Fire/Earth       5
   e - Iron Shot                      Conjuration/Earth            6
   f - Orb of Destruction             Conjuration                  7
   g - Spellforged Servitor           Conjuration/Summoning        7
 s - a book of Unlife

   Spells                             Type                      Level
   a - Recall                         Summoning/Translocation      3
   b - Animate Dead                   Necromancy                   4
   c - Control Undead                 Necromancy                   4
   d - Cigotuvi's Embrace             Necromancy                   5
   e - Death Channel                  Necromancy                   6
   f - Simulacrum                     Ice/Necromancy               6
Comestibles
 c - 2 bread rations
 j - 5 fruits
 l - a slice of pizza
 n - 2 beef jerkies
 r - a meat ration
 t - a chunk of flesh


   Skills:
 * Level 0.8 Staves
 - Level 2.4 Dodging
 - Level 2.4 Stealth
 - Level 3.0 Spellcasting
 + Level 9.0 Necromancy


You had 2 spell levels left.
You knew the following spells:

 Your Spells              Type           Power        Failure   Level  Hunger
a - Pain                  Necr           ####         1%          1    None
b - Animate Skeleton      Necr           N/A          1%          1    None
c - Vampiric Draining     Necr           #####.....   1%          3    ###....
d - Animate Dead          Necr           N/A          3%          4    ####...


Dungeon Overview and Level Annotations

Branches:
Dungeon (4/15)
 Temple: D:4-7

Altars:
Dithmenos
Gozag
Qazlal
Vehumet


Message History

Casting: Pain
Confirm with . or Enter, or press ? or * to list all spells.
Aiming: Pain
Press: ? - help, Shift-Dir - straight line, f/p - ogre
Aim: an ogre, wielding a giant club (lightly wounded, chance to defeat MR: 84%)
The ogre convulses in agony!
Casting: Pain
Confirm with . or Enter, or press ? or * to list all spells.
Aiming: Pain
Press: ? - help, Shift-Dir - straight line, f/p - ogre
Aim: an ogre, wielding a giant club (lightly wounded, chance to defeat MR: 84%)
The ogre convulses in agony!
Casting: Pain
Confirm with . or Enter, or press ? or * to list all spells.
Aiming: Pain
Press: ? - help, Shift-Dir - straight line, f/p - ogre
Aim: an ogre, wielding a giant club (heavily wounded, chance to defeat MR: 84%)
The ogre convulses in agony!
The ogre hits you with a giant club!!
Ouch! That really hurt!
You die...

######......# #.....#
##...........###.....#
##.#####..###...###...#
#...# #..#E#...#E#...#
#.#.## #..###...###...#
...#..###..............#
#....#....#......_.......#
#....#...##.....O.....####
#....#...##..###@..####
#....#)..##..#E#ZZ.#E#
...#.#...##..###...###
#...##..##.####
#.#)##..##)#
#<#.##..##......# ###..
....##.# ..# .....# .#
.$....#


You could see an earth elemental, a water elemental, a fire elemental, an air
elemental, an ogre, a friendly gnoll zombie and a friendly gnoll skeleton.

Vanquished Creatures
  Sigmund (D:4)
  A hound (D:4)
  3 gnolls (D:4)
  7 adders
  A worm (D:3)
  4 orcs (D:3)
  3 giant cockroaches
  5 goblins
  3 hobgoblins (D:2)
  A ball python (D:1)
  5 bats
  2 giant geckos (D:1)
  3 giant newts
  6 kobolds
  A quokka (D:2)
  6 rats
52 creatures vanquished.

Vanquished Creatures (others)
  A giant cockroach (D:3)
1 creature vanquished.

Grand Total: 53 creatures vanquished

Notes
Turn   | Place    | Note
--------------------------------------------------------------
     0 | D:1      | Grim the Deep Elf Necromancer began the quest for the Orb.
     0 | D:1      | Reached XP level 1. HP: 10/10 MP: 6/6
   177 | D:1      | Reached skill level 5 in Necromancy
   638 | D:1      | Reached XP level 2. HP: 13/15 MP: 5/8
  1478 | D:2      | Learned a level 1 spell: Animate Skeleton
  1530 | D:2      | Reached skill level 6 in Necromancy
  1530 | D:2      | Reached XP level 3. HP: 11/19 MP: 3/9
  1705 | D:2      | Found a shadowy altar of Dithmenos.
  1725 | D:2      | Learned a level 3 spell: Vampiric Draining
  2616 | D:3      | Found a radiant altar of Vehumet.
  2877 | D:3      | Reached XP level 4. HP: 15/24 MP: 4/10
  3011 | D:3      | Found an opulent altar of Gozag.
  3342 | D:3      | Reached skill level 7 in Necromancy
  3663 | D:4      | Noticed Sigmund
  3670 | D:4      | Killed Sigmund
  3670 | D:4      | Reached skill level 8 in Necromancy
  3670 | D:4      | Reached XP level 5. HP: 14/28 MP: 5/11
  3844 | D:4      | Reached XP level 6. HP: 21/32 MP: 3/12
  3926 | D:4      | Noticed an air elemental
  3928 | D:4      | Found a stormy altar of Qazlal.
  3930 | D:4      | Noticed a water elemental
  3966 | D:4      | Noticed a fire elemental
  3975 | D:4      | Reached skill level 9 in Necromancy
  4070 | D:4      | HP: 1/32 [gnoll/club (7)]
  4194 | D:4      | Learned a level 4 spell: Animate Dead
  4243 | D:4      | Slain by an ogre

Action                   |  1- 3 |  4- 6 || total
-------------------------+-------+-------++-------
Melee: Unarmed           |     3 |       ||     3
 Cast: Pain              |    55 |    52 ||   107
       Animate Skeleton  |     1 |       ||     1
       Vampiric Draining |     5 |     3 ||     8
       Animate Dead      |       |     1 ||     1
  Use: Scroll            |       |     5 ||     5
       Potion            |       |     1 ||     1
  Eat: Chunk             |     4 |     2 ||     6
       Bread ration      |     1 |       ||     1
